 Dungeon Crawl Stone Soup version 0.32-a0-913-g739538afd8 (webtiles) character file.

Game seed: 16293134510268075009

536941 BlackSun the Worldbinder (level 24, 0/193 HPs)
             Began as a Vampire Necromancer on Apr 8, 2024.
             Was the Champion of Jiyva.
             Killed from afar by a spriggan air mage (7 damage)
             ... with a bolt of lightning
             ... on level 4 of the Depths.
             The game lasted 03:10:57 (55245 turns).

BlackSun the Worldbinder (Vampire Necromancer)     Turns: 55245, Time: 03:10:57

Health: 0/193      AC: 13    Str: 10    XL:     24   Next: 61%
Magic:  40/59      EV: 40    Int: 36    God:    Jiyva [******]
Gold:   3118       SH:  7    Dex: 21    Spells: 9/60 levels left

rFire   + + +        o - staff of death {!a}
rCold   + + +        U - +0 buckler {AC+3}
rNeg    + + .        a - +2 robe "Sacavofry" {Int+4}
rPois   .            C - +0 hat of Agnosticism {rF+++ rCorr Str+3 Int-3}
rElec   +            r - scarf {rC+ rF+}
rCorr   +            M - +2 pair of gloves
SInv    +            L - +0 pair of boots
Will    ++...        y - amulet "Tepaz" {Acrobat Regen+ Int+3}
Stlth   +++++        F - ring of Xom's Attic {rC+ rN+ Dex+2 SInv}
HPRegen 3.12/turn    Q - ring of Awutu {rElec rF+ Int+6 Dex+2 Slay-6}
MPRegen 1.16/turn

%: acrobat
@: death channelling, forested, acrobatic, animating dead, healing quickly
A: alive, fangs 3, see invisible, vampiric 2, antennae 1, iridescent scales 1,
cold resistance 2, fire resistance 2, high MP 3, acidic bite, gelatinous body 1,
pseudopods 1, engulf
}: 3/15 runes: serpentine, barnacled, slimy
a: Exsanguinate, Renounce Religion, Oozemancy, Slimify


You were on level 4 of the Depths.
You worshipped Jiyva.
Jiyva was exalted by your worship.
You visited 11 branches of the dungeon, and saw 50 of its levels.
You also visited: Sewer, Ice Cave and Wizlab.

You collected 6368 gold pieces.
You spent 3250 gold pieces at shops.

Inventory:

Hand Weapons
 R - a +9 quick blade of electrocution {rare}
Missiles
 b - 6 throwing nets {=f!f}
Armour
 a - the +2 robe "Sacavofry" (worn) {Int+4}
   (You found it on level 3 of the Vaults)

   Int+4:     It affects your intelligence (+4).
 d - a +1 cloak of poison resistance
 k - a +0 kite shield of cold resistance
 r - a scarf of resistance (worn)
 x - the +0 helmet "Wedecot" {rPois Str+4}
   (You found it on level 5 of the Pits of Slime)

   Str+4:     It affects your strength (+4).
   rPois:     It protects you from poison.
 C - the +0 hat of Agnosticism (worn) {rF+++ rCorr Str+3 Int-3}
   (You acquired it on level 4 of the Snake Pit)

   Str+3:     It affects your strength (+3).
   Int-3:     It affects your intelligence (-3).
   rF+++:     It renders you almost immune to fire.
   rCorr:     It protects you from acid and corrosion.
 H - an orb of energy
 I - the +3 faerie dragon scales {rElec rCorr Dex+2}
   (You took it off the Enchantress on level 2 of the Depths)

   Dex+2:     It affects your dexterity (+2).
   rElec:     It insulates you from electricity.
   rCorr:     It protects you from acid and corrosion.
 L - a +0 pair of boots (worn)
 M - a +2 pair of gloves (worn)
 N - a +1 tower shield of reflection
 P - a +0 buckler of poison resistance
 U - a +0 buckler of protection (worn)
Magical Staves
 o - a staff of death (weapon) {!a}
Jewellery
 g - the amulet "Ylila" {Reflect rElec Str+3 SH+5 SInv}
   (You found it on level 4 of the Vaults)

   [amulet of reflection]

   Reflect:   It reflects blocked missile attacks.
   Str+3:     It affects your strength (+3).
   rElec:     It insulates you from electricity.
   SInv:      It lets you see invisible.
   SH+5:      It affects your SH (+5).
 q - the ring "Risoudd" {rPois rF+ rCorr Int+2 Dex-2}
   (You found it on level 3 of the Crypt)

   [ring of protection from fire]

   Int+2:     It affects your intelligence (+2).
   Dex-2:     It affects your dexterity (-2).
   rF+:       It protects you from fire.
   rPois:     It protects you from poison.
   rCorr:     It protects you from acid and corrosion.
 y - the amulet "Tepaz" (around neck) {Acrobat Regen+ Int+3}
   (You bought it in a shop on level 4 of the Dungeon)

   [amulet of the acrobat]

   Acrobat:   It increases your evasion while moving and waiting.
   Int+3:     It affects your intelligence (+3).
   Regen+:    It increases your rate of health regeneration.
 F - the ring of Xom's Attic (left hand) {rC+ rN+ Dex+2 SInv}
   (You took it off a deep elf master archer on level 3 of the Elven Halls)

   [ring of see invisible]

   Dex+2:     It affects your dexterity (+2).
   rC+:       It protects you from cold.
   rN+:       It protects you from negative energy.
   SInv:      It lets you see invisible.
 O - a +4 ring of protection
 Q - the ring of Awutu (right hand) {rElec rF+ Int+6 Dex+2 Slay-6}
   (You found it on level 1 of the Elven Halls)

   [ring of intelligence]

   Int+6:     It affects your intelligence (+6).
   Dex+2:     It affects your dexterity (+2).
   Slay-6:    It affects your accuracy & damage with ranged weapons and melee
   (-6).
   rF+:       It protects you from fire.
   rElec:     It insulates you from electricity.
 S - the ring "Hunti" {rN+ MP+9 Int+2}
   (You found it on level 4 of the Shoals)

   [ring of magical power]

   Int+2:     It affects your intelligence (+2).
   rN+:       It protects you from negative energy.
   MP+9:      It affects your magic capacity (+9).
 Z - a ring of wizardry
Talismans
 D - the granite talisman "Luilom" {rF+ Int+4}
   (You found it on level 3 of the Shoals)

   [granite talisman]

   Int+4:     It affects your intelligence (+4).
   rF+:       It protects you from fire.
Wands
 e - a wand of digging (10)
Scrolls
 c - 6 scrolls of silence {!r!r}
 h - a scroll of revelation
 j - 5 scrolls of amnesia
 l - 12 scrolls of teleportation {@r4}
 n - 10 scrolls of immolation {!r!r}
 p - 13 scrolls of fog
 t - 6 scrolls of enchant armour
 u - 3 scrolls of vulnerability {!r!r}
 v - 5 scrolls of enchant weapon
 G - 8 scrolls of fear
 J - 3 scrolls of blinking {!r}
 X - 2 scrolls of butterflies
 Y - a scroll of brand weapon
Potions
 i - 11 potions of curing {@q1}
 m - 3 potions of enlightenment
 s - 4 potions of brilliance
 w - 8 potions of mutation {!q}
 z - 3 potions of cancellation
 A - 9 potions of haste {@q3}
 B - 6 potions of might
 E - 2 potions of invisibility
 K - 3 potions of resistance
 T - 5 potions of magic
 V - 6 potions of heal wounds {@q2}
 W - 4 potions of ambrosia
Miscellaneous
 f - a lightning rod (4/4)


   Skills:
 + Level 16.9 Fighting
 * Level 10.2 Short Blades
 - Level 5.0 Armour
 + Level 17.6 Dodging
 - Level 10.0 Stealth
 + Level 10.5 Shields
 + Level 18.5 Spellcasting
 - Level 8.0 Hexes
 + Level 23.4 Summonings
 - Level 15.0 Necromancy
 - Level 8.0 Translocations
 - Level 6.0 Earth Magic
 - Level 8.0 Alchemy


You had 9 spell levels left.
You knew the following spells:

 Your Spells              Type           Power      Damage    Failure   Level
a - Animate Dead          Necr           100%       N/A       1%          4
b - Borgnjor's Vile Clut  Necr/Erth      52%        N/A       1%          5
c - Dragon's Call         Summ           58%        N/A       9%          9
d - Death Channel         Necr           59%        N/A       1%          6
h - Haunt                 Necr/Summ      65%        N/A       1%          7
o - Olgreb's Toxic Radia  Alch           74%        N/A       1%          4
s - Summon Forest         Summ/Tloc      49%        N/A       1%          5
u - Dispel Undead         Necr           100%       3d31      1%          4
B - Blink                 Tloc           100%       N/A       1%          2
X - Necrotise             Necr           100%       1d9       0%          1
Y - Anguish               Hex/Necr       54%        N/A       1%          4

Your spell library contained the following spells:

 Spells                   Type           Power      Damage    Failure   Level
 Summon Small Mammal      Summ           100%       N/A       0%          1
 Sublimation of Blood     Necr           100%       N/A       0%          2
 Call Canine Familiar     Summ           100%       N/A       0%          3
 Fugue of the Fallen      Necr           100%       N/A       0%          3
 Vampiric Draining        Necr           100%       2d13      0%          3
 Martyr's Knell           Necr/Summ      100%       N/A       0%          4
 Summon Cactus Giant      Summ           58%        N/A       0%          6
 Foxfire                  Conj/Fire      100%       2x1d9     1%          1
 Kiss of Death            Conj/Necr      100%       2d13      1%          1
 Magic Dart               Conj           100%       1d8       1%          1
 Slow                     Hex            100%       N/A       1%          1
 Cigotuvi's Dreadful Rot  Necr/Alch/Air  100%       N/A       1%          2
 Ensorcelled Hibernation  Hex/Ice        100%       N/A       1%          2
 Jinxbite                 Hex            100%       N/A       1%          2
 Lesser Beckoning         Tloc           100%       N/A       1%          2
 Mercury Vapours          Alch/Air       100%       N/A       1%          2
 Momentum Strike          Conj/Tloc      100%       3d10      1%          2
 Scorch                   Fire           66%        2d7       1%          2
 Searing Ray              Conj           66%        2d6       1%          2
 Static Discharge         Conj/Air       66%        3-6/arc   1%          2
 Confusing Touch          Hex            74%        N/A       1%          3
 Dazzling Flash           Conj/Hex       100%       N/A       1%          3
 Inner Flame              Hex/Fire       58%        N/A       1%          3
 Mephitic Cloud           Conj/Alch/Air  51%        N/A       1%          3
 Passwall                 Erth           66%        N/A       1%          3
 Sigil of Binding         Hex            74%        N/A       1%          3
 Summon Ice Beast         Ice/Summ       87%        N/A       1%          3
 Teleport Other           Tloc           74%        N/A       1%          3
 Tukima's Dance           Hex            74%        N/A       1%          3
 Volatile Blastmotes      Fire/Tloc      100%       2d18      1%          3
 Cause Fear               Hex            37%        N/A       1%          4
 Dimensional Bullseye     Hex/Tloc       37%        N/A       1%          4
 Passage of Golubria      Tloc           74%        N/A       1%          4
 Petrify                  Alch/Erth      70%        N/A       1%          4
 Summon Blazeheart Golem  Fire/Summ      87%        N/A       1%          4
 Summon Lightning Spire   Summ/Air       87%        N/A       1%          4
 Curse of Agony           Necr           100%       N/A       1%          5
 Yara's Violent Unravell  Hex/Alch       37%        3d15      1%          5
 Monstrous Menagerie      Summ           58%        N/A       1%          7
 Summon Hydra             Summ           58%        N/A       1%          7
 Fulminant Prism          Conj/Alch      29%        3d14      2%          4
 Ignite Poison            Fire/Alch      58%        N/A       2%          4
 Iskenderun's Mystic Bla  Conj/Tloc      58%        2d12      (+2d62%     4
 Vhi's Electric Charge    Tloc/Air       100%       N/A       2%          4
 Frozen Ramparts          Ice            66%        1d10      3%          3
 Hailstorm                Conj/Ice       33%        3d8       3%          3
 Ozocubu's Armour         Ice            33%        N/A       3%          3
 Swiftness                Air            33%        N/A       3%          3
 Irradiate                Conj/Alch      29%        3d21      7%          5
 Silence                  Hex/Air        29%        N/A       7%          5
 Dispersal                Tloc           37%        N/A       7%          6
 Eringya's Noxious Bog    Alch           37%        4d6       7%          6
 Gell's Gavotte           Tloc           37%        2d(28-41) 7%          6
 Spellforged Servitor     Conj/Summ      43%        N/A       9%          7
 Airstrike                Air            16%        2d(3-19)  12%         4
 Flame Wave               Conj/Fire      33%        2d10      12%         4
 Infestation              Necr           59%        N/A       17%         8
 Arcjolt                  Conj/Air       16%        1d26      34%         5
 Fireball                 Conj/Fire      16%        3d8       34%         5
 Freezing Cloud           Conj/Ice/Air   16%        6-21      34%         5
 Sculpt Simulacrum        Ice/Alch       29%        N/A       36%         6
 Enfeeble                 Hex            37%        N/A       36%         7
 Manifold Assault         Tloc           37%        N/A       36%         7
 Bombard                  Conj/Erth      26%        9d5       50%         6
 Plasma Beam              Fire/Air       16%        2x1d28    88%         6
 Starburst                Conj/Fire      16%        6d6       88%         6
 Discord                  Hex            37%        N/A       97%         8
 Disjunction              Tloc           37%        N/A       97%         8
 Orb of Destruction       Conj           16%        9d7       100%        7
 Ozocubu's Refrigeration  Ice            16%        4d11      100%        7
 Ignition                 Fire           16%        3d7       100%        8
 Lehudib's Crystal Spear  Conj/Erth      26%        10d7      100%        8
 Maxwell's Capacitive Co  Air            16%        ∞         100%        8
 Chain Lightning          Conj/Air       16%        3d22      100%        9
 Polar Vortex             Ice            16%        12d2*     100%        9


Dungeon Overview and Level Annotations

Branches:
Dungeon (15/15)            Temple (1/1) D:7            Lair (5/5) D:8
 Shoals (4/4) Lair:2        Snake (4/4) Lair:2        Slime (5/5) Lair:4
    Orc (2/2) D:11            Elf (3/3) Orc:2        Vaults (4/5) D:14
  Crypt (3/3) Vaults:3       Tomb (0/3) Crypt:3      Depths (4/4) D:15
  Sewer (visited)           IceCv (visited)          WizLab (visited)
    Zot: Depths:4

Altars:
Ashenzari
Cheibriados
Dithmenos
Fedhas
Gozag
Hepliaklqana
Kikubaaqudgha
Makhleb
Nemelex Xobeh
Okawaru
Qazlal
Ru
Sif Muna
Trog
Uskayaw
Vehumet
Wu Jian
Xom
Yredelemnul
Beogh
Jiyva

Shops:
D:1 !   D:4 *=*   D:5 :   D:10 !   Orc:1 !   Orc:2 [(=*   Snake:3 =
Vaults:1 [   Depths:1 =

Portals:
Hell: Depths:1 Depths:2 Depths:3
Abyss: D:11 Depths:1 Depths:2 Depths:3 Depths:4
Pandemonium: Depths:2
Ziggurat: Depths:1
Trove: Elf:1 (give 14 potions of curing)

Annotations:
Slime:5 Royal Jelly


Innate Abilities, Weirdness & Mutations

Your natural rate of healing is accelerated.
You have razor-sharp teeth.
You have supernaturally acute eyesight. (SInv)
You are afflicted with vampirism and can become a bat while bloodless.
You have a pair of small antennae on your head.
You are partially covered in iridescent scales. (AC +2)
Your flesh is very cold resistant. (rC++)
Your flesh is very heat resistant. (rF++)
You have a greatly increased reservoir of magic. (+30% MP)
You have acidic saliva.
Your rubbery body absorbs attacks. (AC +1, EV +1)
Armour fits poorly on your pseudopods.
Your melee attacks may engulf your foes in ooze.


Message History

Aiming: Borgnjor's Vile Clutch (mildly dangerous; 1% risk of failure)
Press: ? - help, Shift-Dir - straight line, f - spriggan air mage
Aim: a spriggan air mage, wearing a +0 robe (severely wounded, repelling missiles, 100% to hit)
You feel a surge of power!
Zombie hands grab the spriggan defender.
Zombie hands grab the spriggan air mage.
The zombie hands constrict the spriggan berserker! x2
You kill the spriggan berserker!
The death yak is no longer berserk.
The death yak disappears in a puff of smoke!
The zombie hands constrict the spriggan defender!
The zombie hands constrict the spriggan air mage!
The dead are walking!
The spriggan berserker struggles to escape constriction.
The spriggan defender hits you with a +5 quick blade of distortion!!
* * * LOW HITPOINT WARNING * * *
The spriggan defender closely misses you.
You blink.
The spriggan air mage waves its arms in wide circles.
The air twists around and strikes you!!
* * * LOW HITPOINT WARNING * * *
The spriggan air mage struggles to escape constriction.
The spriggan berserker struggles to escape constriction.
The spriggan defender escapes!
The spriggan air mage waves its arms in wide circles.
The air twists around and strikes you!!
* * * LOW HITPOINT WARNING * * *
Unknown command.
Unknown command.
Unknown command.
Unknown command.
Unknown command.
Unknown command.
Unknown command.
Unknown command.
Unknown command.
Unknown command.
Unknown command.
Blink to where?
Press: ? - help, Q - select action, (/) - cycle Dir - move target, p - spriggan air mage The zombie hands lose their grip on something. x2
As you read the scroll of blinking {!r}, it crumbles to dust.
The spriggan berserker rages.
The spriggan air mage waves its arms in wide circles.
The air twists around and strikes you!!
* * * LOW HITPOINT WARNING * * *
The spriggan air mage gestures at you while chanting.
The bolt of lightning hits you! You resist.
You die...
Jiyva sends a jelly to digest your remains.

....♣.<.iii♣..#
.......i..♣♣..♣
.......♣T♣i.♣.♣
.........i....♣
.......§..♣...#♣#####
.......T♣i...........
..............♣....####
.........♣....♣.......
#######....@.##.....#
#....#.##.....#
#.#...........##
#...........G..#
#.#...........##
#.##.#........... #
#.#.#.###.#### #.#.#.#
# ..#.#..


You could see a spriggan defender, 2 deep trolls, a spriggan berserker (berserk)
and 2 spriggan air magi.

Vanquished Creatures
  A royal mummy (Crypt:2)
  Xtahua (Depths:3)
  Norris (Elf:1)
  A lich (Crypt:3)
  5 acid blobs
  3 tengu reavers
  A revenant (Crypt:3)
  3 rockslimes
  A nagaraja (Snake:4)
  2 azure jellies
  A fenstrider witch (WizLab)
  A balrug (Depths:2)
  Louise (D:15)
  A deep elf elementalist (Elf:3)
  A spectral caustic shrike (Depths:2)
  A curse skull (Crypt:1)
  2 ironbound preservers
  A caustic shrike skeleton (Depths:2)
  A spriggan defender (Depths:2)
  A ghoul (Crypt:3)
  A quicksilver ooze (Slime:2)
  3 ironbound thunderhulks
  4 stone giants
  3 very ugly things
  A vampire knight (Crypt:1)
  3 deep elf demonologists
  3 deep elf death magi
  Azrael (Snake:1)
  3 dire elephants
  2 deep elf annihilators (Elf:3)
  A war gargoyle (Vaults:2)
  A spectral titan (Depths:2)
  2 eidola
  A fire dragon (Depths:3)
  A merfolk impaler (Shoals:4)
  A crystal guardian (Vaults:2)
  An ettin (Depths:1)
  A spectral kraken (Shoals:4)
  3 yaktaur captains
  A shambling mangrove (WizLab)
  6 jiangshi
  A deep elf high priest (Elf:3)
  2 hydras
  A salamander tyrant (Snake:4)
  2 ice dragons
  A spectral shadow dragon (Depths:2)
  A spectral tengu (Depths:2)
  6 peacekeepers
  A spriggan skeleton (Crypt:1)
  2 vault guards (D:14)
  A spriggan air mage (Depths:3)
  A rakshasa (Depths:3)
  3 ironbound frosthearts
  2 centaur warriors
  A merfolk aquamancer (Shoals:4)
  2 anacondas
  An ogre mage (Vaults:4)
  3 spectral frost giants (Depths:2)
  9 dancing weapons
  A death knight (Crypt:1)
  A boulder beetle (Lair:5)
  A spectral fire giant (Depths:2)
  5 two-headed ogres
  A death scarab (Crypt:3)
  A hell hog (Lair:5)
  2 naga sharpshooters
  6 death yaks
  2 spriggan berserkers
  A tengu warrior (D:15)
  2 deep troll earth magi
  2 orc high priests (Orc:2)
  3 vampire magi
  An occultist (Depths:3)
  A storm dragon zombie (D:15)
  An emperor scorpion zombie (Crypt:2)
  2 spectral dire elephants (Crypt:3)
  6 naga warriors
  A hell knight (Depths:2)
  4 nameless horrors
  5 shadow wraiths (Crypt:3)
  8 deep elf knights
  A spectral spark wasp (Depths:2)
  A spark wasp zombie (Crypt:3)
  A skyshark (Elf:1)
  5 deep elf archers
  5 skeletal warriors
  A sea snake (Shoals:4)
  4 mana vipers
  8 deep trolls
  3 arcanists
  A lindwurm (Vaults:1)
  15 phantasmal warriors
  An orc knight (Vaults:2)
  2 bog bodies
  9 deep elf zephyrmancers
  3 ironbound convokers
  19 deep elf pyromancers
  23 ugly things
  6 necromancers
  A frost giant zombie (Crypt:1)
  A wolf spider (Lair:5)
  6 orc sorcerers
  2 oklob plants (Lair:1)
  Maurice (Orc:1)
  4 fauns
  An eleionoma zombie (Crypt:1)
  A spectral centaur (Crypt:3)
  4 cyclopes
  3 manticores
  A toenail golem (D:11)
  3 merfolk sirens
  3 salamanders
  10 black mambas
  An elephant (D:8)
  6 naga magi
  4 vault sentinels
  A water nymph (Shoals:2)
  3 kobold blastminers
  A guardian serpent (shapeshifter) (Depths:3)
  A rust devil (D:11)
  2 gargoyles
  A guardian serpent (Snake:3)
  A cane toad (Lair:3)
  2 spectral sea snakes (Shoals:4)
  2 unseen horrors
  2 torpor snails (Lair:5)
  2 rime drakes (IceCv)
  3 komodo dragons
  A yaktaur (Vaults:2)
  An efreet (D:13)
  A tengu conjurer (D:15)
  4 guardian mummies (Depths:2)
  A freezing wraith (Crypt:3)
  Psyche (D:11)
  A green draconian skeleton (Crypt:1)
  A human zombie (D:14)
  A spectral glowing shapeshifter (Depths:2)
  A wind drake (Shoals:4)
  A hydra zombie (Crypt:2)
  A death drake zombie (Crypt:1)
  A queen bee (shapeshifter) (Elf:1)
  6 trolls
  10 merfolk
  6 polar bears
  A harpy skeleton (Crypt:1)
  A tyrant leech (Lair:5)
  9 hornets
  4 human skeletons (Vaults:2)
  5 blink frogs (Lair:1)
  A tengu simulacrum (Vaults:1)
  A raiju (Lair:5)
  2 ugly thing zombies (D:14)
  2 snapping turtles (Shoals:4)
  8 dream sheep
  3 spriggan zombies
  8 slime creatures
  2 spriggans
  A spriggan (shapeshifter) (D:15)
  9 yaks
  6 shadows
  2 dire elephant simulacra
  8 wraiths
  An ushabti (Crypt:3)
  5 wyverns
  6 water elementals
  2 vampires
  A slime creature zombie (Crypt:1)
  2 basilisks
  2 wargs
  A steam dragon (D:7)
  A minotaur simulacrum (Elf:2)
  8 nagas
  4 acid dragons
  Edmund (D:4)
  2 harpy simulacra (Elf:2)
  4 water moccasins
  A water moccasin (shapeshifter) (D:13)
  2 two-headed ogre zombies (Crypt:1)
  2 hell hounds (Lair:5)
  13 orc warriors
  2 sky beasts (D:7)
  2 ice beasts
  12 black bears
  9 laughing skulls
  7 ogres
  An ettin simulacrum (Vaults:1)
  3 wolves (Lair:5)
  4 boggarts (Vaults:2)
  3 centaurs (D:11)
  3 kobold brigands
  3 weeping skulls (Crypt:3)
  2 gnoll sergeants
  3 bullfrogs
  2 scorpions
  A yaktaur skeleton (Crypt:3)
  A deep troll simulacrum (Elf:2)
  An earth elemental (Elf:3)
  3 wights
  A naga zombie (Snake:2)
  A lindwurm simulacrum (Elf:2)
  The ghost of MUZO the Shooter, a weakling CoHu (D:3)
  2 howler monkeys
  8 electric eels
  4 hounds
  A jelly (D:4)
  9 orc priests
  2 gnoll boudas
  An iguana (D:7)
  12 orc wizards
  A scorpion zombie (Crypt:1)
  A hell rat (Lair:4)
  An ogre skeleton (Crypt:3)
  13 gnolls
  13 adders
  2 shadow imps
  3 white imps
  2 ufetubi (D:6)
  3 ribbon worms
  5 dart slugs
  52 orcs
  5 endoplasms
  15 giant cockroaches
  9 goblins
  6 hobgoblins
  9 jackals
  8 kobolds
  8 quokkas
  7 ball pythons
  6 bats
  4 frilled lizards
  A frilled lizard skeleton (Crypt:3)
  A giant cockroach zombie (Crypt:2)
  9 rats
  A river rat skeleton (Crypt:1)
  2 tentacles (Shoals:4)
811 creatures vanquished.

Vanquished Creatures (collateral kills)
  Frederick (Crypt:1)
  A dread lich (Crypt:3)
  Khufu (Crypt:2)
  Vashnia (Snake:3)
  2 royal mummies
  Saint Roka (Snake:4)
  Margery (Crypt:1)
  A caustic shrike (Vaults:3)
  Nikola (Snake:1)
  Jory (Crypt:1)
  the Enchantress (Depths:2)
  The ghost of Sudilyre the Warrior, an adept MiBe of Trog (Vaults:1)
  Mlioglotl (Snake:2)
  Rupert (D:15)
  A walking divine tome (Depths:3)
  Zenata (Elf:3)
  4 liches
  3 deep elf blademasters
  A searing wretch (Crypt:1)
  4 deep elf master archers
  18 acid blobs
  3 ancient champions
  3 sphinxes
  Roxanne (Elf:1)
  Aizul (Snake:1)
  The ghost of Torious the Devastator, an adept DECj of Sif Muna (Shoals:4)
  5 rockslimes
  2 fire giants (Depths:3)
  3 nagarajas
  5 azure jellies
  2 fenstrider witches (WizLab)
  3 revenants
  4 frost giants
  6 vault wardens
  3 deep elf elementalists (Elf:3)
  2 deep elf sorcerers (Elf:3)
  3 ghouls (Crypt:1)
  An angel (Depths:1)
  A curse skull (Crypt:3)
  2 spriggan defenders (Depths:2)
  6 ironbound thunderhulks
  3 very ugly things
  4 ironbound preservers
  3 quicksilver oozes
  8 stone giants
  2 vampire knights
  2 orc warlords
  6 deep elf demonologists (Elf:3)
  7 deep elf death magi
  A rockslime zombie (Crypt:1)
  4 war gargoyles
  6 deep elf annihilators
  An eleionoma (WizLab)
  A white draconian (IceCv)
  A dire elephant (Vaults:4)
  A spectral quicksilver dragon (Depths:2)
  7 eidola
  11 merfolk impalers
  4 ettins
  4 mummy priests
  2 merfolk javelineers (Shoals:4)
  A spectral golden dragon (Depths:2)
  A crystal guardian (Vaults:1)
  2 deep elf high priests
  3 fire dragons
  4 yaktaur captains
  An entropy weaver (Vaults:3)
  6 jiangshi (Crypt:1)
  6 hydras
  2 rakshasas
  Fannar (Orc:1)
  A vault guard (Vaults:4)
  4 alligator snapping turtles
  8 ice dragons
  2 salamander tyrants
  A great orb of eyes (Slime:5)
  2 ogre magi
  A spriggan air mage (Depths:2)
  A spectral tengu (Depths:2)
  A spectral fire giant (Vaults:1)
  2 spriggan skeletons
  A catoblepas (Lair:4)
  8 death yaks
  4 centaur warriors
  12 ironbound frosthearts
  6 anacondas
  6 merfolk avatars
  The ghost of kae the Carver, a journeyman CoGl of Okawaru (D:10)
  A tengu warrior (Depths:3)
  4 death knights
  5 boulder beetles
  3 spectral frost giants (Depths:2)
  2 deep troll shamans
  3 satyrs
  The ghost of Uttufod the Cleaver, a journeyman GrHu of Yredelemnul (D:11)
  3 merfolk aquamancers (Shoals:4)
  17 dancing weapons
  2 death scarabs (Crypt:3)
  4 deep troll earth magi
  An orc high priest (Elf:3)
  A spriggan berserker (Depths:2)
  3 vampire magi
  A hell hog (Depths:2)
  8 naga sharpshooters
  2 naga warriors
  5 occultists
  3 sun demons (Depths:2)
  5 skysharks
  4 soul eaters
  2 shock serpents
  13 shadow wraiths
  12 deep elf knights
  3 hell knights (Crypt:1)
  3 salamander mystics
  4 iron trolls
  6 skeletal warriors
  9 deep elf archers
  23 deep trolls
  A quicksilver dragon simulacrum (Crypt:1)
  4 mana vipers
  7 sea snakes
  An orange crystal statue (IceCv)
  A shadow demon (Depths:2)
  10 flayed ghosts
  4 naga ritualists
  3 arcanists
  A glowing orange brain (Slime:4)
  A bunyip skeleton (Crypt:2)
  6 phantasmal warriors
  6 orc knights
  5 lindwurms
  An obsidian statue (Depths:2)
  16 harpies
  11 deep elf zephyrmancers
  A golden dragon skeleton (Depths:3)
  2 iron dragon zombies (Depths:3)
  2 spriggan simulacra (Elf:2)
  2 harpies (shapeshifter)
  5 thermic dynamos (Elf:1)
  15 deep elf pyromancers
  18 ugly things
  5 necromancers
  An eleionoma zombie (Crypt:3)
  5 ironbound convokers
  5 oklob plants
  10 cyclopes
  7 manticores
  3 shining eyes
  A worldbinder (D:11)
  10 fauns
  2 orc sorcerers
  4 elephants (Lair:4)
  A spectral centaur (Crypt:3)
  14 salamanders
  9 eyes of devastation
  A meliai (shapeshifter) (D:14)
  A fire giant skeleton (Vaults:4)
  A guardian serpent (Snake:1)
  12 naga magi
  A kobold blastminer (Orc:2)
  3 water nymphs
  22 black mambas
  2 smoke demons (Depths:2)
  11 merfolk sirens
  2 gargoyles
  3 spectral elves (Vaults:1)
  2 stone giant skeletons (Crypt:1)
  6 vault sentinels
  An unseen horror (D:11)
  7 cane toads
  3 torpor snails (Lair:5)
  Jeremiah (D:8)
  7 yaktaurs
  An elephant slug zombie (Crypt:1)
  A spark wasp simulacrum (Depths:2)
  An efreet (D:13)
  8 rime drakes
  A spectral glowing shapeshifter (Depths:2)
  6 freezing wraiths
  4 tengu conjurers (Depths:1)
  7 komodo dragons
  A purple draconian skeleton (Crypt:2)
  11 guardian mummies
  2 tyrant leeches (Lair:5)
  A shadow dragon simulacrum (Vaults:1)
  3 trolls
  25 merfolk
  10 polar bears
  3 human zombies
  3 wind drakes
  3 hornets
  2 human skeletons
  A hornet (shapeshifter) (Elf:3)
  7 dream sheep
  An ettin zombie (Vaults:4)
  9 blink frogs
  A hydra skeleton (Crypt:1)
  66 slime creatures
  4 glass eyes
  4 snapping turtles (Shoals:4)
  A boulder beetle zombie (D:14)
  2 air elementals (Elf:3)
  3 black mamba zombies (Snake:1)
  9 yaks
  11 shadows (Crypt:3)
  3 ushabtiu (Crypt:3)
  8 wraiths
  A centaur simulacrum (D:14)
  3 spriggans
  4 fire elementals
  A slime creature zombie (Slime:4)
  6 water elementals
  2 golden eyes (Slime:4)
  A naga simulacrum (Crypt:1)
  2 redbacks (Vaults:3)
  A spectral human (Vaults:1)
  6 wargs (Lair:5)
  14 nagas
  A merfolk zombie (Crypt:2)
  11 hell hounds
  A naga skeleton (Crypt:2)
  10 water moccasins
  A nameless horror (Lair:4)
  A manticore zombie (Crypt:2)
  7 orc warriors
  17 laughing skulls
  A snapping turtle zombie (Crypt:3)
  3 black bears
  2 boggarts (Vaults:2)
  2 ogres
  15 wolves
  6 weeping skulls (Crypt:3)
  A kobold brigand (D:11)
  8 bullfrogs
  A yaktaur zombie (D:14)
  2 gnoll sergeants (D:11)
  2 earth elementals (Elf:1)
  A water moccasin zombie (D:13)
  An entropy weaver simulacrum (Vaults:1)
  4 wights
  A troll zombie (D:13)
  A spriggan zombie (D:10)
  An electric eel (D:11)
  2 lava snakes (Lair:2)
  7 orc priests
  A sleepcap (D:6)
  5 orc wizards
  8 hell rats
  2 naga zombies
  2 mummies
  An acid dragon skeleton (Crypt:3)
  2 gnolls (D:10)
  2 adders
  7 river rats (Lair:4)
  17 orcs
  2 endoplasms
  2 goblins
  A ball python skeleton (Crypt:2)
  2 kobolds
  A rat (Lair:4)
  A tentacle (Shoals:3)
1139 creatures vanquished.

Vanquished Creatures (others)
  Jorgrun (D:15)
  A kraken (Shoals:3)
  10 acid blobs
  A tengu reaver (Depths:3)
  A thorn hunter (WizLab)
  4 azure jellies
  10 rockslimes
  3 fire giants
  Ilsuiw (Shoals:3)
  A deep elf sorcerer (Depths:1)
  A vault warden (Vaults:4)
  An ironbound preserver (Vaults:3)
  7 quicksilver oozes
  A formless jellyfish (Slime:5)
  A stone giant (Depths:1)
  A deep elf death mage (Elf:3)
  A dire elephant (Vaults:4)
  3 merfolk impalers
  5 great orbs of eyes
  An ettin (Depths:3)
  A jiangshi (Vaults:3)
  A shambling mangrove (WizLab)
  2 fire dragons
  An acid blob zombie (Slime:4)
  2 ice dragons
  4 vault guards
  A salamander tyrant (Snake:4)
  2 hydras
  An entropy weaver (Vaults:3)
  A sphinx zombie (Depths:2)
  An ironbound frostheart (Vaults:4)
  6 centaur warriors
  2 anacondas
  A two-headed ogre (D:14)
  2 hell hogs (Depths:2)
  2 deep troll earth magi (Depths:3)
  3 deep troll shamans (Depths:1)
  2 boulder beetles
  An orc high priest (Orc:2)
  2 shock serpents
  4 quicksilver ooze zombies
  5 naga sharpshooters
  A glowing orange brain (Depths:3)
  3 naga warriors
  A sun demon (Depths:3)
  2 hell knights
  5 deep elf knights
  2 salamander mystics (Snake:4)
  4 very ugly thing zombies
  3 deep elf archers
  2 tengu zombies (Depths:3)
  A sea snake (Shoals:4)
  11 deep trolls
  An anaconda zombie (Snake:2)
  A naga ritualist (Snake:4)
  5 lindwurms
  An orb spider (shapeshifter) (Elf:3)
  A phantasmal warrior (Vaults:2)
  2 obsidian bats (Orc:1)
  5 deep elf pyromancers
  9 deep elf zephyrmancers
  An orc knight (Orc:2)
  4 harpies
  A stone giant zombie (Depths:2)
  A hell hog zombie (Depths:2)
  16 ugly thing zombies
  An orc sorcerer (Orc:2)
  A fire giant zombie (Depths:3)
  3 fauns (Shoals:1)
  3 salamanders (Snake:4)
  6 ugly things
  3 cyclopes
  4 manticores
  21 human zombies
  6 naga magi
  3 vault sentinels
  2 black mambas (Snake:2)
  2 mana viper zombies (Snake:3)
  A gargoyle (D:13)
  4 death yak zombies
  An efreet (D:13)
  7 yaktaurs
  A kobold demonologist (D:13)
  5 merfolk
  A troll (Orc:2)
  3 hydra zombies
  2 harpy zombies
  A tarantella (Vaults:3)
  A polar bear (IceCv)
  3 hornets
  2 wind drakes
  A tyrant leech (Lair:5)
  3 snapping turtles
  An ettin zombie (Depths:1)
  2 dream sheep (Shoals:2)
  A guardian serpent zombie (Snake:3)
  A meliai zombie (D:14)
  11 black mamba zombies
  32 slime creatures
  16 slime creature zombies
  A yak (shapeshifter) (D:14)
  3 wargs
  A skyshark zombie (Shoals:1)
  5 deep troll zombies
  2 two-headed ogre zombies (Orc:1)
  5 nagas
  5 hell hounds
  A faun zombie (Shoals:1)
  9 orc warriors
  2 hornet zombies (WizLab)
  A dream sheep zombie (Shoals:4)
  37 elf zombies
  3 humans
  5 manticore zombies
  A wolf (Lair:5)
  10 merfolk zombies
  A boggart (Vaults:2)
  An ogre (Orc:2)
  2 lindwurm zombies (Vaults:2)
  A rime drake zombie (IceCv)
  4 kobold zombies
  A komodo dragon zombie (Lair:4)
  8 salamander zombies
  5 yaktaur zombies
  5 hell hound zombies
  A wyvern zombie (D:8)
  4 cyclops zombies
  3 water moccasin zombies
  2 polar bear zombies
  2 troll zombies (Orc:1)
  7 yak zombies
  8 wolf zombies
  2 centaur zombies
  A basilisk zombie (Lair:5)
  2 orc priests (Orc:2)
  4 black bear zombies
  A bullfrog zombie (Lair:4)
  143 jellies
  4 boggart zombies (Vaults:2)
  4 orc wizards
  11 naga zombies
  5 ogre zombies
  3 mummies (Crypt:1)
  3 orcs
  2 gnoll zombies (D:11)
  2 kobolds (D:13)
  38 orc zombies
  38 snaplasher vines
  5 tentacles
754 creatures vanquished.

Grand Total: 2704 creatures vanquished

Notes
Turn   | Place    | Note
-------+----------+-------------------------------------------
     0 | D:1      | BlackSun the Vampire Necromancer began the quest for the
                  | Orb.
     0 | D:1      | Reached XP level 1. HP: 13/13 MP: 3/3
    13 | D:1      | Found a faded altar of an unknown god.
    17 | D:1      | Found Wosacsutz's Distillery.
    91 | D:1      | Reached XP level 2. HP: 19/19 MP: 0/5
   676 | D:1      | Gained mutation: You are afflicted with vampirism and can
                  | become a bat while bloodless. [Vampire growth]
   676 | D:1      | Reached XP level 3. HP: 11/24 MP: 0/6
  1502 | D:2      | Reached XP level 4. HP: 30/30 MP: 2/8
  1753 | D:2      | Reached skill level 3 in Spellcasting
  2456 | D:3      | Identified the +1 mace of Might {antimagic, rF+}
  2557 | D:3      | Reached XP level 5. HP: 35/35 MP: 4/9
  2629 | D:3      | Found a transporter.
  2781 | D:3      | Found a transporter.
  2790 | D:3      | Noticed MUZO's ghost (weakling CoHu)
  3061 | D:3      | Reached skill level 1 in Fighting
  3251 | D:3      | Learned a level 4 spell: Animate Dead
  3301 | D:4      | Reached skill level 6 in Stealth
  3348 | D:4      | Found Ynaych's General Store.
  3361 | D:4      | Found Plog's Jewellery Shoppe.
  3432 | D:4      | Reached XP level 6. HP: 43/43 MP: 9/11
  3548 | D:4      | Noticed Edmund
  3560 | D:4      | Killed Edmund
  3852 | D:4      | Found a glowing drain.
  3857 | Sewer    | Entered a sewer
  4121 | Sewer    | Reached skill level 6 in Necromancy
  4407 | D:4      | Found Ziush's General Store.
  4417 | D:4      | Bought a scroll of fear for 56 gold pieces
  4487 | D:5      | Entered Level 5 of the Dungeon
  4739 | D:5      | Found an opulent altar of Gozag.
  4770 | D:5      | Found Cicsisuk's Book Boutique.
  4771 | D:5      | Found an iron altar of Okawaru.
  4901 | D:5      | Reached XP level 7. HP: 50/50 MP: 8/13
  6264 | D:6      | Reached skill level 3 in Fighting
  6463 | D:6      | Reached XP level 8. HP: 58/58 MP: 8/15
  6591 | D:7      | Reached skill level 1 in Alchemy
  6800 | D:7      | Reached skill level 3 in Alchemy
  7043 | D:7      | Reached skill level 6 in Alchemy
  7243 | D:7      | Learned a level 4 spell: Olgreb's Toxic Radiance
  7438 | D:7      | Reached XP level 9. HP: 56/65 MP: 6/16
  7860 | D:7      | Found a shimmering blue altar of Sif Muna.
  7876 | D:7      | Found a staircase to the Ecumenical Temple.
  7901 | Temple   | Entered the Ecumenical Temple
  7961 | D:7      | Found a radiant altar of Vehumet.
  8438 | D:8      | Reached skill level 1 in Summonings
  8537 | D:8      | Noticed an elephant
  8553 | D:8      | Killed an elephant
  8554 | D:8      | Reached skill level 2 in Summonings
  8652 | D:8      | Found a staircase to the Lair.
  8657 | D:8      | Reached skill level 6 in Spellcasting
  8657 | D:8      | Reached skill level 3 in Summonings
  8767 | D:8      | Noticed Jeremiah
  8775 | D:8      | Killed Jeremiah
  8776 | D:8      | Reached skill level 4 in Summonings
  8792 | D:8      | Reached skill level 5 in Summonings
  8796 | D:8      | Reached XP level 10. HP: 71/71 MP: 2/20
  8805 | D:8      | Noticed a deep elf pyromancer
  9086 | D:8      | Found a bloodstained altar of Trog.
  9582 | D:8      | Killed a deep elf pyromancer
  9952 | D:9      | Noticed a deep elf pyromancer
  9958 | D:9      | Killed a deep elf pyromancer
  9959 | D:9      | Reached skill level 6 in Summonings
 10151 | D:9      | Found a hazy altar of Hepliaklqana.
 10405 | D:8      | Learned a level 5 spell: Summon Forest
 10520 | D:9      | Found a shadowy altar of Dithmenos.
 10636 | D:9      | Found a broken altar of Ashenzari.
 10981 | D:9      | Identified the +2 halberd of Gicozo {antimagic, rF- Will+
                  | Int+2 SInv}
 11120 | D:10     | Entered Level 10 of the Dungeon
 11122 | D:10     | Found Nophicok's Distillery.
 11281 | D:10     | Reached skill level 1 in Translocations
 11369 | D:10     | Reached skill level 7 in Summonings
 11489 | D:10     | Bought a potion of curing for 42 gold pieces
 11749 | D:10     | Reached skill level 3 in Translocations
 12243 | D:10     | Found an ancient bone altar of Kikubaaqudgha.
 12250 | D:10     | Became a worshipper of Kikubaaqudgha
 12368 | D:10     | Found a runed translucent door.
 12370 | D:10     | Identified the +6 spear of Nice Offence {speed, rC++ Dex+4}
 12375 | D:10     | Noticed kae's ghost (journeyman CoGl)
 12593 | Lair:1   | Entered Level 1 of the Lair of Beasts
 12714 | Lair:1   | Reached skill level 8 in Summonings
 12714 | Lair:1   | Reached XP level 11. HP: 63/77 MP: 14/23
 13478 | Lair:1   | Noticed an oklob plant
 13776 | Lair:2   | Noticed a death yak
 13776 | Lair:2   | Noticed a death yak
 13776 | Lair:2   | Noticed a death yak
 13785 | Lair:2   | Noticed a death yak
 13787 | Lair:2   | Noticed a death yak
 13790 | Lair:2   | Noticed a death yak
 13791 | Lair:2   | Killed a death yak
 13792 | Lair:2   | Killed a death yak
 13793 | Lair:2   | Reached skill level 9 in Summonings
 13806 | Lair:2   | Killed a death yak
 13807 | Lair:2   | Reached skill level 9 in Spellcasting
 13813 | Lair:2   | Killed a death yak
 13813 | Lair:2   | Killed a death yak
 13836 | Lair:2   | Killed a death yak
 13837 | Lair:2   | Reached skill level 10 in Summonings
 14013 | Lair:2   | Found a staircase to the Shoals.
 14037 | Lair:2   | Reached * piety under Kikubaaqudgha
 14037 | Lair:2   | Received a gift from Kikubaaqudgha
 14156 | Lair:2   | Noticed a four-headed hydra
 14578 | Lair:2   | Killed a four-headed hydra
 14579 | Lair:2   | Reached skill level 11 in Summonings
 14579 | Lair:2   | Reached XP level 12. HP: 77/83 MP: 20/25
 14691 | Lair:2   | Found a staircase to the Snake Pit.
 14692 | Lair:2   | Noticed a six-headed hydra
 15070 | Lair:2   | Killed a six-headed hydra
 16348 | Lair:4   | Noticed a seven-headed hydra
 16359 | Lair:4   | Killed a seven-headed hydra
 16360 | Lair:4   | Reached skill level 12 in Spellcasting
 16582 | Lair:4   | Found a staircase to the Slime Pits.
 16614 | Lair:4   | Reached skill level 3 in Dodging
 16662 | Lair:4   | Noticed a boulder beetle
 16665 | Lair:4   | Noticed a five-headed hydra
 16669 | Lair:4   | Killed a five-headed hydra
 16673 | Lair:4   | Killed a boulder beetle
 16674 | Lair:4   | Reached skill level 9 in Stealth
 16873 | Lair:4   | Identified the storm talisman of Surprise {*Slow rF+ rN+
                  | Dex+2}
 16900 | Lair:4   | Reached ** piety under Kikubaaqudgha
 17038 | Lair:4   | Reached XP level 13. HP: 85/92 MP: 27/29
 17730 | Lair:5   | Entered Level 5 of the Lair of Beasts
 17880 | Lair:5   | Reached *** piety under Kikubaaqudgha
 17880 | Lair:5   | Received a gift from Kikubaaqudgha
 17998 | Lair:5   | Reached skill level 6 in Fighting
 18082 | Lair:4   | Learned a level 6 spell: Death Channel
 18087 | Lair:4   | Learned a level 4 spell: Anguish
 18353 | Lair:5   | Reached skill level 6 in Dodging
 18564 | Lair:5   | Learned a level 5 spell: Borgnjor's Vile Clutch
 18596 | Lair:5   | Reached skill level 1 in Hexes
 18612 | Lair:5   | Reached skill level 1 in Earth Magic
 18689 | Lair:5   | Reached skill level 3 in Hexes
 18881 | Lair:5   | Reached **** piety under Kikubaaqudgha
 19139 | Lair:5   | Reached skill level 3 in Earth Magic
 19334 | Lair:5   | Reached skill level 6 in Translocations
 19593 | Lair:5   | Paralysed by a hornet for 3 turns
 19597 | Lair:5   | Reached XP level 14. HP: 77/103 MP: 5/31
 19735 | Lair:5   | Reached skill level 6 in Hexes
 20760 | D:11     | Found a transporter.
 20818 | D:11     | Reached ***** piety under Kikubaaqudgha
 20939 | D:11     | Found a transporter.
 20942 | D:11     | You fall into a shaft and drop 3 floors!
 21245 | D:11     | Noticed Psyche
 21251 | D:11     | Killed Psyche
 21421 | D:11     | Noticed Uttufod's ghost (journeyman GrHu)
 21447 | D:11     | Found a staircase to the Orcish Mines.
 22083 | Orc:1    | Entered Level 1 of the Orcish Mines
 22272 | Orc:1    | Noticed Maurice
 22278 | Orc:1    | Killed Maurice
 22326 | Orc:1    | Found Pusast's Distillery.
 22334 | Orc:1    | Bought a potion of heal wounds for 80 gold pieces
 22334 | Orc:1    | Bought a potion of curing for 48 gold pieces
 22532 | Orc:2    | Entered Level 2 of the Orcish Mines
 22532 | Orc:2    | Found Pecotte's Antique Armour Boutique.
 22542 | Orc:2    | Reached skill level 6 in Earth Magic
 22727 | Orc:2    | Found a roughly hewn altar of Beogh.
 22814 | Orc:2    | Found Equrhoac's Antique Weapon Emporium.
 23050 | Orc:2    | Noticed an orc warlord
 23061 | Orc:2    | Reached ****** piety under Kikubaaqudgha
 23063 | Orc:2    | Killed an orc warlord
 23064 | Orc:2    | Found Onops's General Store.
 23207 | Orc:2    | Found a staircase to the Elven Halls.
 23337 | Orc:2    | Found Ziovutzudghi's Jewellery Shop.
 23810 | Orc:2    | Bought a heavily runed helmet for 323 gold pieces
 23810 | Orc:2    | Identified the +2 helmet of the Pleiades {-Cast Str+4} (You
                  | bought it in a shop on level 2 of the Orcish Mines)
 23862 | Orc:1    | Noticed Fannar
 23871 | Orc:1    | Killed Fannar
 24172 | Orc:1    | Received a gift from Kikubaaqudgha (forbidden knowledge)
 24181 | Orc:1    | Learned a level 7 spell: Haunt
 24372 | D:5      | Bought a book of Decay for 338 gold pieces
 24377 | D:5      | Learned a level 4 spell: Dispel Undead
 24419 | D:4      | Bought a ring of resist corrosion for 220 gold pieces
 24419 | D:4      | Bought the amulet "Tepaz" {Acrobat Regen+ Int+3} for 476
                  | gold pieces
 24500 | D:3      | Killed MUZO's ghost
 24711 | Lair:1   | Reached XP level 15. HP: 110/110 MP: 22/32
 24820 | Lair:1   | Got Sif Muna's Precepts of Electricity
 25087 | Slime:1  | Entered Level 1 of the Pits of Slime
 25087 | Slime:1  | Noticed an acid blob
 25094 | Slime:1  | Killed an acid blob
 25100 | Slime:1  | Noticed an azure jelly
 25107 | Slime:1  | Killed an azure jelly
 25238 | Slime:2  | Found a viscous altar of Jiyva.
 25245 | Slime:2  | Noticed an azure jelly
 25247 | Slime:2  | Reached skill level 9 in Necromancy
 25251 | Slime:2  | Noticed an acid blob
 25251 | Slime:2  | Noticed an acid blob
 25253 | Slime:2  | Killed an azure jelly
 25256 | Slime:2  | Killed an acid blob
 25258 | Slime:2  | Killed an acid blob
 25262 | Slime:2  | Noticed a rockslime
 25269 | Slime:2  | Killed a rockslime
 25405 | Slime:3  | Noticed an azure jelly
 25410 | Slime:3  | Killed an azure jelly
 25450 | Slime:3  | Noticed an azure jelly
 25457 | Slime:3  | Killed an azure jelly
 25552 | Slime:4  | Noticed a rockslime
 25552 | Slime:4  | Noticed an acid blob
 25552 | Slime:4  | Noticed an acid blob
 25552 | Slime:4  | Noticed an acid blob
 25552 | Slime:4  | Noticed an acid blob
 25552 | Slime:4  | Noticed a rockslime
 25562 | Slime:3  | Killed an acid blob
 25563 | Slime:3  | Reached skill level 9 in Dodging
 25630 | Slime:3  | Noticed an acid blob
 25637 | Slime:3  | Noticed an acid blob
 25646 | Slime:3  | Killed an acid blob
 25647 | Slime:3  | Killed an acid blob
 25726 | Slime:4  | Noticed an acid blob
 25730 | Slime:4  | Noticed an acid blob
 25730 | Slime:4  | Noticed an acid blob
 25775 | Slime:4  | Killed an acid blob
 25776 | Slime:4  | Reached skill level 9 in Fighting
 25784 | Slime:4  | Killed a rockslime
 25789 | Slime:4  | Killed a rockslime
 25801 | Slime:4  | Killed an acid blob
 25804 | Slime:4  | Killed an acid blob
 25948 | Slime:5  | Entered Level 5 of the Pits of Slime
 25949 | Slime:5  | Noticed an acid blob
 25949 | Slime:5  | Noticed a rockslime
 25952 | Slime:5  | Noticed an azure jelly
 25957 | Slime:5  | Noticed an acid blob
 25963 | Slime:5  | Noticed the Royal Jelly
 25963 | Slime:5  | Noticed an acid blob
 25965 | Slime:5  | Noticed an acid blob
 25965 | Slime:5  | Killed an acid blob
 25966 | Slime:5  | Reached skill level 12 in Necromancy
 25966 | Slime:5  | Noticed an acid blob
 25966 | Slime:5  | Noticed an acid blob
 25967 | Slime:5  | Noticed a rockslime
 25967 | Slime:5  | Killed an acid blob
 25968 | Slime:5  | Reached XP level 16. HP: 79/120 MP: 9/34
 25969 | Slime:5  | Killed an acid blob
 25970 | Slime:5  | Killed an acid blob
 26100 | Slime:5  | Noticed an acid blob
 26107 | Slime:5  | Killed an acid blob
 26309 | Slime:5  | Noticed an acid blob
 26312 | Slime:5  | Killed an acid blob
 26399 | Slime:3  | Noticed an acid blob
 26404 | Slime:3  | Killed an acid blob
 26429 | Slime:3  | Noticed an acid blob
 26437 | Slime:3  | Killed an acid blob
 26503 | Slime:2  | Noticed an acid blob
 26569 | Slime:2  | Fell from the grace of Kikubaaqudgha
 26569 | Slime:2  | Became a worshipper of Jiyva Jugom the Shapeless
 26802 | D:1      | Bought a potion of haste for 130 gold pieces
 26802 | D:1      | Bought a potion of curing for 39 gold pieces
 26802 | D:1      | Bought a potion of magic for 104 gold pieces
 26802 | D:1      | Bought a potion of curing for 39 gold pieces
 26802 | D:1      | Bought 2 potions of ambrosia for 208 gold pieces
 26802 | D:1      | Bought a potion of brilliance for 52 gold pieces
 26802 | D:1      | Bought a potion of curing for 39 gold pieces
 26802 | D:1      | Bought a potion of magic for 104 gold pieces
 26898 | D:5      | Bought a book of the Dragon for 546 gold pieces
 27067 | D:10     | Killed kae's ghost
 27246 | D:11     | Found a one-way gate to the infinite horrors of the Abyss.
 28339 | D:13     | Reached * piety under Jiyva
 28775 | D:13     | Reached ** piety under Jiyva
 29098 | D:13     | Reached skill level 15 in Necromancy
 29483 | D:13     | Reached skill level 12 in Summonings
 29593 | D:13     | Noticed a tengu reaver
 29599 | D:13     | Killed a tengu reaver
 29967 | D:14     | Reached skill level 13 in Summonings
 30190 | D:14     | Reached *** piety under Jiyva
 30238 | D:14     | Reached XP level 17. HP: 102/102 MP: 35/35
 30340 | D:14     | Reached skill level 14 in Summonings
 30430 | D:14     | Found a gate to the Vaults.
 30494 | D:14     | Identified the +2 cloak of Oppuintuniel {rCorr Str+5 Dex+2
                  | Stlth-}
 30664 | D:15     | Entered Level 15 of the Dungeon
 30777 | D:15     | Gained mutation: You have a pair of small horns on your
                  | head. [Jiyva's grace]
 30777 | D:15     | Gained mutation: You have a pair of horns on your head.
                  | [Jiyva's grace]
 30777 | D:15     | Gained mutation: You have a pair of large horns on your
                  | head. [Jiyva's grace]
 30777 | D:15     | Gained mutation: You are covered in slimy tendrils that may
                  | disarm your opponents. [Jiyva's grace]
 30863 | D:15     | Noticed Jorgrun
 30873 | D:15     | Killed Jorgrun
 30904 | D:15     | Reached **** piety under Jiyva
 31006 | D:15     | Reached skill level 15 in Summonings
 31054 | D:15     | Found a staircase to the Depths.
 31231 | D:15     | Noticed Rupert
 31240 | D:15     | Killed Rupert
 31260 | D:15     | Noticed Louise
 31276 | D:15     | Killed Louise
 31667 | Snake:1  | Entered Level 1 of the Snake Pit
 31715 | Snake:1  | Noticed Azrael
 31722 | Snake:1  | Killed Azrael
 31749 | Snake:1  | Noticed Nikola
 31758 | Snake:1  | Killed Nikola
 31776 | Snake:1  | Identified the serpent talisman "Pisisaykk" {rC- Will+
                  | Str+4}
 31776 | Snake:1  | Noticed Aizul
 31782 | Snake:1  | Killed Aizul
 31783 | Snake:1  | Reached skill level 16 in Summonings
 31951 | Snake:1  | Reached ***** piety under Jiyva
 32226 | Snake:2  | Reached skill level 17 in Summonings
 32555 | Snake:2  | Gained mutation: Your translucent skin slightly reduces
                  | your foes' accuracy. (Stealth+) [Jiyva's grace]
 32555 | Snake:2  | Gained mutation: Your translucent skin reduces your foes'
                  | accuracy. (Stealth+) [Jiyva's grace]
 32555 | Snake:2  | Gained mutation: Your transparent skin significantly
                  | reduces your foes' accuracy. (Stealth+) [Jiyva's grace]
 32555 | Snake:2  | Gained mutation: You are covered in fur. (AC +1) [Jiyva's
                  | grace]
 32893 | Snake:2  | Was forgiven by Kikubaaqudgha
 33148 | Snake:2  | Noticed Mlioglotl
 33157 | Snake:2  | Killed Mlioglotl
 33547 | Snake:3  | Reached XP level 18. HP: 109/134 MP: 29/36
 33553 | Snake:3  | Found Heanuo's Jewellery Boutique.
 33622 | Snake:3  | Reached skill level 18 in Summonings
 33631 | Snake:3  | Noticed Vashnia
 33647 | Snake:3  | Killed Vashnia
 33675 | Snake:3  | Found a sparkling altar of Nemelex Xobeh.
 33681 | Snake:3  | Reached ****** piety under Jiyva
 34217 | Shoals:1 | Entered Level 1 of the Shoals
 34220 | Shoals:1 | Gained mutation: Your rubbery body absorbs attacks. (AC +1,
                  | EV +1) [Jiyva's grace]
 34220 | Shoals:1 | Gained mutation: Your pliable body absorbs attacks. (AC +2,
                  | EV +2) [Jiyva's grace]
 34220 | Shoals:1 | Gained mutation: Your gelatinous body deflects attacks. (AC
                  | +3, EV +3) [Jiyva's grace]
 34220 | Shoals:1 | Gained mutation: Your flesh is heat resistant. (rF+)
                  | [Jiyva's grace]
 34792 | Shoals:2 | Reached skill level 15 in Spellcasting
 35488 | Shoals:3 | Reached skill level 19 in Summonings
 35637 | Shoals:3 | Lost mutation: You have a pair of large horns on your head.
                  | [Jiyva's grace]
 35637 | Shoals:3 | Lost mutation: Your flesh is heat resistant. (rF+) [Jiyva's
                  | grace]
 35637 | Shoals:3 | Lost mutation: Your gelatinous body deflects attacks. (AC
                  | +3, EV +3) [Jiyva's grace]
 35637 | Shoals:3 | Lost mutation: Your transparent skin significantly reduces
                  | your foes' accuracy. (Stealth+) [Jiyva's grace]
 35637 | Shoals:3 | Lost mutation: Your translucent skin reduces your foes'
                  | accuracy. (Stealth+) [Jiyva's grace]
 35637 | Shoals:3 | Gained mutation: Your translucent skin reduces your foes'
                  | accuracy. (Stealth+) [Jiyva's grace]
 35637 | Shoals:3 | Gained mutation: Your transparent skin significantly
                  | reduces your foes' accuracy. (Stealth+) [Jiyva's grace]
 35637 | Shoals:3 | Gained mutation: You have large cloven feet. [Jiyva's
                  | grace]
 35637 | Shoals:3 | Gained mutation: You have hoof-like feet. [Jiyva's grace]
 35711 | Shoals:3 | Noticed Ilsuiw
 35728 | Shoals:3 | Killed Ilsuiw
 35871 | Shoals:3 | Identified the granite talisman "Luilom" {rF+ Int+4}
 36235 | Slime:5  | Identified the +1 leather armour of Muttered Phrases {Int-5
                  | Dex+5}
 36239 | Slime:5  | Found the +11 plutonium sword {^Contam Stlth-}
 36245 | Slime:5  | Found a viscous altar of Jiyva.
 36260 | Slime:5  | Identified the amulet "Amef Xing" {Acrobat rC+ rN+}
 36263 | Slime:5  | Got a slimy rune of Zot
 36269 | Slime:5  | Got the Codex of the Scorched Gang
 36315 | Slime:5  | Identified the staff of Res Nullius {rPois rF+ Dex+3
                  | Alchemy}
 36323 | Slime:5  | Identified the +5 lajatang of Okawaru's Inspiration {venom,
                  | rN+ Int+4 Dex-5}
 36333 | Slime:5  | Got the Almanac of the Snowflakes and Guile
 36341 | Slime:5  | Identified the +0 helmet "Wedecot" {rPois Str+4}
 36764 | Snake:4  | Entered Level 4 of the Snake Pit
 37104 | Snake:4  | Reached XP level 19. HP: 140/140 MP: 7/39
 37155 | Snake:4  | Reached skill level 20 in Summonings
 37201 | Snake:4  | Identified a scroll of acquirement
 37202 | Snake:4  | Acquired the +0 hat of Agnosticism {rF+++ rCorr Str+3
                  | Int-3}
 37338 | Snake:4  | Got a serpentine rune of Zot
 37339 | Snake:4  | Noticed Saint Roka
 37357 | Snake:4  | Killed Saint Roka
 37674 | Shoals:4 | Entered Level 4 of the Shoals
 37684 | Shoals:4 | Found a transporter.
 37709 | Shoals:4 | Identified the ring "Hunti" {rN+ MP+9 Int+2}
 37720 | Shoals:4 | Found a transporter.
 37720 | Shoals:4 | Noticed Torious's ghost (adept DECj)
 37881 | Shoals:4 | Identified the ring "Fowkimpo" {Will+ Str+2 Int+3 SInv
                  | Stlth+}
 38034 | Shoals:4 | Reached skill level 21 in Summonings
 38079 | Shoals:4 | Got a barnacled rune of Zot
 38388 | Shoals:4 | Lost mutation: You have hoof-like feet. [Jiyva's grace]
 38388 | Shoals:4 | Lost mutation: Your transparent skin significantly reduces
                  | your foes' accuracy. (Stealth+) [Jiyva's grace]
 38388 | Shoals:4 | Lost mutation: Your translucent skin reduces your foes'
                  | accuracy. (Stealth+) [Jiyva's grace]
 38388 | Shoals:4 | Gained mutation: You are partially covered in iridescent
                  | scales. (AC +2) [Jiyva's grace]
 38388 | Shoals:4 | Gained mutation: You are mostly covered in iridescent
                  | scales. (AC +4) [Jiyva's grace]
 38388 | Shoals:4 | Gained mutation: You are completely covered in iridescent
                  | scales. (AC +6) [Jiyva's grace]
 38388 | Shoals:4 | Gained mutation: Your gelatinous body deflects attacks. (AC
                  | +3, EV +3) [Jiyva's grace]
 38627 | Shoals:4 | Killed Torious's ghost
 38653 | Shoals:4 | Identified the ring "Roamaim" {rN+ MP+9 Str+2}
 38877 | D:11     | Killed Uttufod's ghost
 38963 | D:11     | Learned a level 9 spell: Dragon's Call
 39052 | Elf:1    | Entered Level 1 of the Elven Halls
 39068 | Elf:1    | Reached skill level 22 in Summonings
 39317 | Elf:1    | Found a portal to a secret trove of treasure.
 39440 | Elf:1    | Noticed Roxanne
 39449 | Elf:1    | Killed Roxanne
 39464 | Elf:1    | Reached XP level 20. HP: 147/147 MP: 4/40
 39569 | Elf:1    | Identified the ring of Awutu {rElec rF+ Int+6 Dex+2 Slay-6}
 39661 | Elf:1    | Noticed Norris
 39677 | Elf:1    | Killed Norris
 39988 | Elf:2    | Found a glacial archway.
 40057 | IceCv    | Entered an ice cave
 40346 | IceCv    | Got the Folio of the Wendigo
 40686 | Elf:2    | Found a runed translucent gate.
 40687 | Elf:2    | Found a runed translucent gate.
 40687 | Elf:2    | Found a runed translucent gate.
 40825 | Elf:2    | Reached skill level 23 in Summonings
 40988 | Elf:2    | Lost mutation: You have large cloven feet. [Jiyva's grace]
 40988 | Elf:2    | Lost mutation: You are completely covered in iridescent
                  | scales. (AC +6) [Jiyva's grace]
 40988 | Elf:2    | Lost mutation: You are mostly covered in iridescent scales.
                  | (AC +4) [Jiyva's grace]
 40988 | Elf:2    | Lost mutation: Your translucent skin slightly reduces your
                  | foes' accuracy. (Stealth+) [Jiyva's grace]
 40988 | Elf:2    | Gained mutation: Armour fits poorly on your pseudopods.
                  | [Jiyva's grace]
 40988 | Elf:2    | Gained mutation: Armour fits poorly on your large
                  | pseudopods. [Jiyva's grace]
 40988 | Elf:2    | Gained mutation: Armour fits poorly on your massive
                  | pseudopods. [Jiyva's grace]
 40988 | Elf:2    | Gained mutation: You have a small jelly attached to you
                  | that may absorb projectiles. [Jiyva's grace]
 41151 | Elf:2    | Learned a level 2 spell: Blink
 41154 | Elf:3    | Entered Level 3 of the Elven Halls
 41294 | Elf:3    | Paralysed by an air elemental for 1 turns
 41415 | Elf:3    | Reached skill level 12 in Dodging
 41494 | Elf:3    | Acquired 497 gold pieces
 41543 | Elf:3    | Noticed Zenata
 41551 | Elf:3    | Killed Zenata
 41642 | Elf:3    | Identified the +7 glaive of the Wonderful God {freeze, rC+
                  | Int+4}
 41815 | Elf:3    | Identified the ring "Horokk" {rN++ Will+ rCorr Str+4 Int-5
                  | SInv}
 41850 | Elf:3    | Identified the ring of Xom's Attic {rC+ rN+ Dex+2 SInv}
 41853 | Elf:3    | Reached XP level 21. HP: 158/158 MP: 34/42
 41861 | Elf:3    | Identified the amulet of Vymued {Spirit Dex+3}
 41863 | Elf:3    | Identified the ring of Ashenzari's Fury {rN+ Str+6}
 41871 | Elf:3    | Your ally Zenata died
 41873 | Elf:3    | Reached skill level 12 in Fighting
 42228 | Elf:3    | Identified the staff "Sekoj" {rElec Str+4 Int-3 Dex+2 Air}
 42602 | D:10     | Bought a potion of haste for 140 gold pieces
 42602 | D:10     | Bought a potion of curing for 42 gold pieces
 42602 | D:10     | Bought a potion of mutation for 112 gold pieces
 42602 | D:10     | Bought a potion of cancellation for 112 gold pieces
 42747 | Vaults:1 | Entered Level 1 of the Vaults
 42783 | Vaults:1 | Found Soqo's Antique Armour Boutique.
 42937 | Vaults:1 | Reached skill level 1 in Shields
 43102 | Vaults:1 | Lost mutation: Armour fits poorly on your massive
                  | pseudopods. [Jiyva's grace]
 43102 | Vaults:1 | Gained mutation: You are mostly covered in iridescent
                  | scales. (AC +4) [Jiyva's grace]
 43102 | Vaults:1 | Gained mutation: You are completely covered in iridescent
                  | scales. (AC +6) [Jiyva's grace]
 43102 | Vaults:1 | Gained mutation: You are strong-willed. (Will+) [Jiyva's
                  | grace]
 43102 | Vaults:1 | Gained mutation: You are highly strong-willed. (Will++)
                  | [Jiyva's grace]
 43423 | Vaults:1 | Found a runed translucent gate.
 43423 | Vaults:1 | Found a runed translucent gate.
 43423 | Vaults:1 | Found a runed translucent gate.
 43427 | Vaults:1 | Noticed Sudilyre's ghost (adept MiBe)
 43562 | Vaults:1 | Reached skill level 3 in Shields
 43799 | Vaults:1 | Killed Sudilyre's ghost
 44180 | Vaults:2 | Identified the +0 scale mail of Rationality {Dex+2}
 44925 | Vaults:3 | Reached skill level 6 in Shields
 44947 | Vaults:3 | Identified the +0 leather armour of Leapfrog {Will- Int+3
                  | Stlth+}
 45153 | Vaults:3 | Lost mutation: You are completely covered in iridescent
                  | scales. (AC +6) [Jiyva's grace]
 45153 | Vaults:3 | Lost mutation: You are highly strong-willed. (Will++)
                  | [Jiyva's grace]
 45153 | Vaults:3 | Lost mutation: Your gelatinous body deflects attacks. (AC
                  | +3, EV +3) [Jiyva's grace]
 45153 | Vaults:3 | Gained mutation: You expend magic power (3 MP) to
                  | strengthen your wands. [Jiyva's grace]
 45153 | Vaults:3 | Gained mutation: You have hidden genetic potential.
                  | [Jiyva's grace]
 45153 | Vaults:3 | Gained mutation: You have great hidden genetic potential.
                  | [Jiyva's grace]
 45153 | Vaults:3 | Gained mutation: You have an increased reservoir of magic.
                  | (+10% MP) [Jiyva's grace]
 45171 | Vaults:3 | Identified the +2 robe "Sacavofry" {Int+4}
 45430 | Vaults:3 | Found a staircase to the Crypt.
 45726 | Vaults:3 | Reached XP level 22. HP: 169/169 MP: 33/48
 45821 | Vaults:3 | Noticed a caustic shrike
 45826 | Vaults:3 | Killed a caustic shrike
 46068 | Vaults:4 | Reached skill level 18 in Spellcasting
 46177 | Vaults:4 | Identified the amulet "Ylila" {Reflect rElec Str+3 SH+5
                  | SInv}
 46568 | Vaults:4 | Lost mutation: You have a pair of horns on your head.
                  | [Jiyva's grace]
 46568 | Vaults:4 | Lost mutation: You have a pair of small horns on your head.
                  | [Jiyva's grace]
 46568 | Vaults:4 | Lost mutation: You are strong-willed. (Will+) [Jiyva's
                  | grace]
 46568 | Vaults:4 | Lost mutation: You have great hidden genetic potential.
                  | [Jiyva's grace]
 46568 | Vaults:4 | Lost mutation: You have hidden genetic potential. [Jiyva's
                  | grace]
 46568 | Vaults:4 | Gained mutation: You have hidden genetic potential.
                  | [Jiyva's grace]
 46568 | Vaults:4 | Gained mutation: You have great hidden genetic potential.
                  | [Jiyva's grace]
 46568 | Vaults:4 | Gained mutation: Your melee attacks may engulf your foes in
                  | ooze. [Jiyva's grace]
 46568 | Vaults:4 | Gained mutation: You are completely covered in iridescent
                  | scales. (AC +6) [Jiyva's grace]
 46990 | Crypt:1  | Entered Level 1 of the Crypt
 47007 | Crypt:1  | Noticed Margery
 47021 | Crypt:1  | Killed Margery
 47029 | Crypt:1  | Noticed Jory
 47038 | Crypt:1  | Killed Jory
 47068 | Crypt:1  | Reached skill level 9 in Shields
 47193 | Crypt:1  | Reached skill level 15 in Dodging
 47272 | Crypt:1  | Identified the orb "Loemisu" {light, Int+3 Slay+3}
 47272 | Crypt:1  | Noticed Frederick
 47281 | Crypt:1  | Killed Frederick
 48278 | Crypt:2  | Noticed a royal mummy
 48285 | Crypt:2  | Noticed Khufu
 48316 | Crypt:2  | Killed a royal mummy
 48322 | Crypt:2  | Noticed a royal mummy
 48377 | Crypt:2  | Killed Khufu
 48378 | Crypt:2  | Reached skill level 15 in Fighting
 48378 | Crypt:2  | Reached skill level 1 in Armour
 48387 | Crypt:2  | Killed a royal mummy
 48641 | Crypt:3  | Entered Level 3 of the Crypt
 48643 | Crypt:3  | Noticed a dread lich
 48650 | Crypt:3  | Killed a dread lich
 48651 | Crypt:3  | Reached skill level 3 in Armour
 48670 | Crypt:3  | Identified the ring "Risoudd" {rPois rF+ rCorr Int+2 Dex-2}
 48773 | Crypt:3  | Reached XP level 23. HP: 144/144 MP: 23/49
 48989 | Crypt:3  | Found an ancient bone altar of Kikubaaqudgha.
 49278 | Crypt:3  | Gained mutation: You have a considerably increased
                  | reservoir of magic. (+20% MP) [hidden potential]
 49361 | Crypt:3  | Identified the amulet "Yshraips" {rElec RegenMP+ Str+3
                  | Int-5}
 49372 | Crypt:3  | Got the Quarto of Overhead Ashes
 49593 | Crypt:3  | Lost mutation: You have a considerably increased reservoir
                  | of magic. (+20% MP) [Jiyva's grace]
 49593 | Crypt:3  | Lost mutation: You have an increased reservoir of magic.
                  | (+10% MP) [Jiyva's grace]
 49593 | Crypt:3  | Lost mutation: You are covered in fur. (AC +1) [Jiyva's
                  | grace]
 49593 | Crypt:3  | Lost mutation: You are covered in slimy tendrils that may
                  | disarm your opponents. [Jiyva's grace]
 49593 | Crypt:3  | Gained mutation: Your flesh is heat resistant. (rF+)
                  | [Jiyva's grace]
 49593 | Crypt:3  | Gained mutation: Your flesh is very heat resistant. (rF++)
                  | [Jiyva's grace]
 49593 | Crypt:3  | Gained mutation: Your flesh is almost immune to the effects
                  | of heat. (rF+++) [Jiyva's grace]
 49593 | Crypt:3  | Gained mutation: Your muscles are strong. (Str +4, Int/Dex
                  | -1) [Jiyva's grace]
 49700 | Crypt:3  | Got the Meditations on the Pyromaniac and Places
 49829 | Crypt:3  | Found a staircase to the Tomb.
 50596 | Depths:1 | Entered Level 1 of the Depths
 50596 | Depths:1 | Found a one-way gateway to a ziggurat.
 50596 | Depths:1 | Found a blossoming altar of Fedhas.
 50662 | Depths:1 | Reached skill level 1 in Short Blades
 50758 | Depths:1 | Found Higgotta's Jewellery Emporium.
 50816 | Depths:1 | Reached skill level 3 in Short Blades
 51146 | Depths:1 | Found a burning altar of Makhleb.
 51319 | Depths:1 | Found a gateway to Hell.
 51616 | Depths:2 | Noticed the Enchantress
 51627 | Depths:2 | Killed the Enchantress
 51629 | Depths:2 | Reached skill level 6 in Short Blades
 51941 | Depths:2 | Found a one-way gate leading to the halls of Pandemonium.
 52250 | Depths:2 | Reached XP level 24. HP: 193/193 MP: 41/45
 52303 | Depths:2 | Lost mutation: You are completely covered in iridescent
                  | scales. (AC +6) [Jiyva's grace]
 52303 | Depths:2 | Lost mutation: Your flesh is almost immune to the effects
                  | of heat. (rF+++) [Jiyva's grace]
 52303 | Depths:2 | Lost mutation: Your muscles are strong. (Str +4, Int/Dex
                  | -1) [Jiyva's grace]
 52303 | Depths:2 | Lost mutation: Your pliable body absorbs attacks. (AC +2,
                  | EV +2) [Jiyva's grace]
 52303 | Depths:2 | Lost mutation: Armour fits poorly on your large pseudopods.
                  | [Jiyva's grace]
 52303 | Depths:2 | Lost mutation: You have great hidden genetic potential.
                  | [Jiyva's grace]
 52303 | Depths:2 | Lost mutation: You have a small jelly attached to you that
                  | may absorb projectiles. [Jiyva's grace]
 52303 | Depths:2 | Gained mutation: Your flesh is cold resistant. (rC+)
                  | [Jiyva's grace]
 52303 | Depths:2 | Gained mutation: Your flesh is very cold resistant. (rC++)
                  | [Jiyva's grace]
 52303 | Depths:2 | Gained mutation: Your flesh is almost immune to the effects
                  | of cold. (rC+++) [Jiyva's grace]
 52303 | Depths:2 | Gained mutation: Your skin changes colour to match your
                  | surroundings (Stealth+). [Jiyva's grace]
 52431 | Depths:2 | Identified the amulet "Goushosk" {Spirit Int+4 Stlth+}
 52743 | Depths:2 | Noticed a royal mummy
 52749 | Depths:2 | Killed a royal mummy
 52864 | Depths:2 | Got the Cyclopedia of the Sympathetic Wyrd
 53055 | Depths:3 | You fall into a shaft and drop 1 floor!
 53055 | Depths:4 | Entered Level 4 of the Depths
 53068 | Depths:4 | Gained mutation: You have a pair of small antennae on your
                  | head. [hidden potential]
 53068 | Depths:4 | Lost mutation: You have hidden genetic potential. [hidden
                  | potential expressed]
 53096 | Depths:3 | Reached skill level 9 in Short Blades
 53163 | Depths:3 | Found a magical portal.
 53172 | WizLab   | Entered Eringya's Formal Garden
 53545 | WizLab   | Found a blossoming altar of Fedhas.
 54765 | Depths:3 | Lost mutation: You are mostly covered in iridescent scales.
                  | (AC +4) [Jiyva's grace]
 54765 | Depths:3 | Lost mutation: Your skin changes colour to match your
                  | surroundings (Stealth+). [Jiyva's grace]
 54765 | Depths:3 | Lost mutation: Your flesh is almost immune to the effects
                  | of cold. (rC+++) [Jiyva's grace]
 54765 | Depths:3 | Lost mutation: You expend magic power (3 MP) to strengthen
                  | your wands. [Jiyva's grace]
 54765 | Depths:3 | Gained mutation: You have acidic saliva. [Jiyva's grace]
 54765 | Depths:3 | Gained mutation: You have an increased reservoir of magic.
                  | (+10% MP) [Jiyva's grace]
 54765 | Depths:3 | Gained mutation: You have a considerably increased
                  | reservoir of magic. (+20% MP) [Jiyva's grace]
 54765 | Depths:3 | Gained mutation: You have a greatly increased reservoir of
                  | magic. (+30% MP) [Jiyva's grace]
 54838 | Depths:3 | Noticed Xtahua
 54846 | Depths:3 | Killed Xtahua
 55245 | Depths:4 | HP: 7/193 [spriggan air mage/the air (21)]
 55245 | Depths:4 | Killed from afar by a spriggan air mage

Illustrated notes

Levels and vault maps discovered:
D:1:      minmay_arrival_checkered_box, layout_basic, serial_shops,
          nicolae_shop_advertising_works [nicolae_subvault_shop_adworks],
          hellmonk_ecumenical_altar_leap_of_faith, grunt_decor_one_mirror
D:2:      minmay_roachtagon, layout_basic
D:3:      layout_basic, gammafunk_ghost_arena, minmay_checkerbox
D:4:      layout_cave_pools, mainiacjoe_sewer_entry_somewhere_in_here_2,
          serial_shops, nicolae_shop_hallway_plus, nicolae_shop_tiny_waterfront,
          shop, uniq_edmund
D:5:      layout_gridville, mainiacjoe_overflow_cross_hatched,
          lemuel_round_altar, serial_shops, nicolae_shop_pleasant_corner_grove
D:6:      layout_basic, st_stairs_11, hangedman_abyss_or_decor_stabs,
          minmay_circle_x
D:7:      layout_rooms, mainiacjoe_overflow_24_doors, mainiacjoe_overflow_paths,
          minmay_temple_entry_purple_smoke, serial_glass, glass_columns_a,
          glass_columns_b, chequers_big_river
D:8:      layout_rooms, bloody_trog, david_lair_generic,
          nicolae_zen_rock_garden, wad_mini_maze, uniq_jeremiah
D:9:      layout_basic, ashenzari_altar_1, nicolae_overflow_hidden_temple
D:10:     layout_loops_cross, tgw_kikubaaqudgha, ebering_ghost_funeral_grove,
          serial_shops, nicolae_shop_industrial_runoff,
          chequers_serial_rivers_room_b
D:11:     layout_basic, kennysheep_orc_monster_closet_entryway,
          gammafunk_ghost_abyssal_escape, uniq_psyche
D:12:     layout_basic
D:13:     kennysheep_snake, layout_irregular_city, serial_column_ruins,
          column_ruins_corridor_dead_end, column_ruins_grid_1,
          column_ruins_corridor_T, column_ruins_open_small,
          column_ruins_open_large
D:14:     minmay_cut_squares, layout_basic, grunt_vaults_entry_fortified
D:15:     gammafunk_depths_entry_grave, layout_long_grid, elyvilon_altar_3,
          uniq_louise, uniq_jorgrun, uniq_rupert
Temple:   nicolae_temple_no_exploring_needed
Lair:1:   minmay_lair_oklob_tunnel, layout_regular_city
Lair:2:   layout_gridlike, elwin_shoals_entry_stream,
          nicolae_snake_entry_warm_welcome
Lair:3:   layout_hall_layers, minivault_26, lemuel_fruit_tree
Lair:4:   layout_layer_cave, slime_entry_1, kennysheep_rathole
Lair:5:   wormcave, layout_cellular_growth, hangedman_lair_caniforms_friends,
          grunt_megastairs_1
Shoals:1: nicolae_shoals_aurelia_aurita, layout_shoals
Shoals:2: layout_shoals, nicolae_shoals_square_sea_wall
Shoals:3: argonaut_golden_fleece, layout_shoals, uniq_ilsuiw
Shoals:4: shoals_end_hangedman, layout_shoals, ebering_ghost_davey_jones,
          hangedman_shoals_cup_caves
Snake:1:  layout_onion, uniq_nikola, uniq_azrael, uniq_aizul
Snake:2:  layout_layer_cave, uniq_mlioglotl
Snake:3:  layout_onion, basic_altar, serial_shops, shop, uniq_vashnia
Snake:4:  snake_pit, layout_misc_corridors, uniq_saint_roka
Slime:1:  layout_caves
Slime:2:  layout_caves, basic_altar
Slime:3:  layout_caves
Slime:4:  layout_caves
Slime:5:  slime_pit_nicolae_amoeboid
Orc:1:    layout_caves, serial_shops, nicolae_shop_rolling_square, uniq_maurice,
          uniq_fannar
Orc:2:    grunt_orc_gardens, layout_caves, grunt_orc_garden, grunt_orc_garden,
          grunt_orc_garden, grunt_orc_garden, special_room, minmay_orc_temple_a
Elf:1:    eino_elf_arrival_shootout, layout_geoelf_grid,
          nicolae_trove_entry_diagonal, nicolae_elf_crossing_hall,
          serial_library_hellmonk_open_cross, drop_trap, uniq_norris,
          uniq_roxanne
Elf:2:    nicolae_elf_blades_crystal_corner, layout_geoelf_octagon,
          portal_ice_cave_entry_ice_simulacra
Elf:3:    elf_hall_gauntlet_wide, layout_loops_corners, uniq_zenata
Vaults:1: gammafunk_ghost_necromancy, vaults_room_door_hall,
          vaults_mumra_hexcomb, ontoclasm_vaults_claustrophobia,
          nicolae_vaults_security_offices_6, nicolae_vaults_stepped_doors,
          vaults_room_hallway, hangedman_vaults_trim, layout_vaults_omnigrid,
          serial_shops, shop
Vaults:2: nicolae_vaults_trapezoid_layered, nicolae_vaults_ring_of_whatevers,
          nicolae_vaults_closet_pinwheel_5, nicolae_vaults_sesquioval_fish,
          dpeg_vaults_monster_row, vaults_room_grid, vaults_room_fours,
          hangedman_vaults_nails, serial_library_hellmonk_open_square,
          grunt_vaults_diagonal, nicolae_vaults_branching_niches, v_misc_12,
          vaults_room_stairs_pillars, nicolae_vaults_specimen_jars,
          layout_vaults_maze_bifur
Vaults:3: nicolae_vaults_closet_pinwheel_6, nicolae_vaults_double_plus_2,
          minmay_crypt_entry_simple_plaza, v_misc_16, v_misc_4,
          nicolae_vaults_trapezoid_lopsided_1, nicolae_vaults_shrinking_rooms_1,
          vaults_room_grid, nicolae_vaults_spaceships, dpeg_vaults_monster_box,
          ontoclasm_vaults_echo, hangedman_vaults_hat, v_misc_24,
          ontoclasm_vaults_gateway, nicolae_vaults_tetromino_L_1,
          nicolae_vaults_theta, nicolae_vaults_apartment_1, layout_vaults_ring
Vaults:4: ontoclasm_vaults_twist, kennysheep_ogre_elephant_herders,
          vaults_room_corners, nicolae_vaults_trapezoid_3, ontoclasm_vaults_eye,
          v_misc_24, nicolae_vaults_trapezoid_1, nicolae_vaults_house_3,
          nicolae_vaults_six-pack, layout_vaults_big_room
Crypt:1:  layout_chaotic_city, serial_sigils_hangedman_quiver,
          grunt_crypt_arrival_guarded_gate, uniq_frederick, uniq_margery,
          uniq_jory
Crypt:2:  layout_misc_corridors, roderic_lattice_octagonal_star, uniq_khufu
Crypt:3:  church_of_pain_bobbens, layout_chaotic_city,
          tomb_entry_forgotten_bobbens, nicolae_crypt_grand_chamber
Depths:1: layout_honeycomb, enter_ziggurat_d,
          nicolae_abyss_entry_one_way_or_another, serial_shops,
          nicolae_shop_back_alley_shop, lemuel_tele_altar,
          hangedman_coc_ice_floe, solitary_fountain,
          hangedman_abyss_or_decor_passed, fedhas_altar_3
Depths:2: lemuel_minitomb, layout_honeycomb, hellmouth_3,
          abyss_entry_small_statue_room, rand_demon_pan_entry_8,
          infiniplex_staircase_zigzag_1, uniq_enchantress
Depths:3: nzn_winding_woodlands_stair_trap
          [nzn_winding_woodlands_5x15_lazy_stream,
          nzn_winding_woodlands_5x15_sidewinder,
          nzn_winding_woodlands_5x15_crooked,
          nzn_winding_woodlands_15x15_boxy_spiral,
          nzn_winding_woodlands_5x15_longhouse,
          nzn_winding_woodlands_5x15_pathside_ponds,
          nzn_winding_woodlands_5x15_pockets], layout_gridlike,
          mu_enter_wizlab_3, hangedman_geh_valley,
          regret_index_abyss_entry_earlier_magic, uniq_xtahua
Depths:4: evilmike_zot_entry_round, layout_basic, hellmouth_1,
          corexii_hall_statues_deadend, abyss_entry, grunt_pan_entry_in_and_out,
          nicolae_the_louvre

Skill      XL: |  1  2  3  4  5  6  7  8  9 10 11 12 13 14 15 16 17 18 19 20 21 22 23 24 |
---------------+-------------------------------------------------------------------------+-----
Stealth        | 4 5 6 7 8 9 10 | 10.0
Necromancy     | 5 6 7 8 12 15 | 15.0
Spellcasting   | 3 4 5 7 8 9 12 13 14 16 17 18 | 18.5
Fighting       | 1 2 3 4 5 7 8 9 10 11 13 15 16 | 16.9
Alchemy        | 7 8 |  8.0
Summonings     | 5 8 11 13 17 19 22 23 | 23.4
Translocations | 3 5 6 7 8 |  8.0
Dodging        | 4 6 8 10 12 14 15 17 | 17.6
Hexes          | 5 8 |  8.0
Earth Magic    | 4 6 |  6.0
Shields        | 6 10 | 10.5
Armour         | 4 5 |  5.0
Short Blades   | 7 10 | 10.2

Action                     |  1- 3 |  4- 6 |  7- 9 | 10-12 | 13-15 | 16-18 | 19-21 | 22-24 || total
---------------------------+-------+-------+-------+-------+-------+-------+-------+-------++-------
  Melee: Unarmed           |    25 |       |       |       |       |       |       |       ||    25
         Bite              |     6 |     6 |    16 |    12 |    20 |    18 |    49 |    58 ||   185
         Short sword       |     9 |    29 |       |       |       |       |       |       ||    38
         Staff             |       |    27 |   112 |    76 |   127 |   118 |   187 |   224 ||   871
         Headbutt          |       |       |       |       |       |    26 |    82 |    14 ||   122
         Pseudopods        |       |       |       |       |       |       |    46 |   100 ||   146
   Cast: Necrotise         |    65 |   159 |   199 |   106 |    13 |       |       |       ||   542
         Olgreb's Toxic Ra |       |       |    27 |    80 |    77 |       |       |       ||   184
         Animate Dead      |       |       |     2 |     8 |    21 |    21 |    17 |    15 ||    84
         Summon Forest     |       |       |       |    22 |    27 |    37 |    33 |    47 ||   166
         Anguish           |       |       |       |       |    37 |   167 |   105 |    60 ||   369
         Death Channel     |       |       |       |       |    35 |    53 |    42 |    30 ||   160
         Borgnjor's Vile C |       |       |       |       |    48 |   271 |   285 |   208 ||   812
         Dispel Undead     |       |       |       |       |     1 |    48 |    10 |   125 ||   184
         Haunt             |       |       |       |       |       |    71 |   120 |   173 ||   364
         Dragon's Call     |       |       |       |       |       |       |     7 |     5 ||    12
 Invoke: Receive Forbidden |       |       |       |       |     1 |       |       |       ||     1
         Unearth Wretches  |       |       |       |       |    17 |     7 |       |       ||    24
Ability: Exsanguinate      |       |       |       |       |       |     1 |       |     1 ||     2
         Revivify          |       |       |       |       |       |     1 |       |     1 ||     2
  Evoke: Wand              |       |       |       |    64 |    10 |       |       |     2 ||    76
         Lightning rod     |       |       |       |       |       |       |       |     4 ||     4
    Use: Scroll            |       |     6 |     5 |     6 |    14 |     5 |     9 |     9 ||    54
         Potion            |       |       |       |     5 |    10 |       |       |     1 ||    16
   Stab: Distracted        |     1 |       |     3 |     3 |     2 |     4 |     8 |    11 ||    32
         Sleeping          |       |     1 |       |       |       |       |       |       ||     1
         Paralysed         |       |       |       |       |    15 |    10 |       |       ||    25
 Armour: Robe              |    38 |    68 |   256 |   198 |   315 |   250 |   314 |   348 ||  1787
  Dodge: Dodged            |    37 |    77 |   235 |   141 |   239 |   376 |   516 |   632 ||  2253
  Block: Buckler           |       |       |       |       |       |       |       |   168 ||   168

Table legend: (Time is in decaauts)
 A = Elapsed time spent in this place.
 B = Non-inter-level travel time spent in this place.
 C = Inter-level travel time spent in this place.
 D = Time resting spent in this place.
 E = Time spent auto-exploring this place.
 F = Levels seen in this place.
 G = Mean time per level.
                   A        B        C        D        E       F      G
               +--------+--------+--------+--------+--------+-----+--------+
         Total |  56060 |  49289 |   6771 |   3799 |  35062 |  53 | 1057.7 |
       Dungeon |  19822 |  16958 |   2864 |   1847 |  12267 |  15 | 1321.5 |
        Temple |      1 |      1 |      0 |      0 |      0 |   1 |    1.0 |
          Lair |   8966 |   7812 |   1154 |   1036 |   5646 |   5 | 1793.2 |
        Shoals |   3368 |   3084 |    284 |      0 |   2329 |   4 |  842.0 |
     Snake Pit |   3372 |   3037 |    335 |    105 |   2144 |   4 |  843.0 |
    Slime Pits |   1905 |   1445 |    460 |    172 |    842 |   5 |  381.0 |
  Orcish Mines |   2193 |   1990 |    203 |    160 |   1523 |   2 | 1096.5 |
   Elven Halls |   3054 |   2839 |    215 |    140 |   1776 |   3 | 1018.0 |
        Vaults |   4459 |   3875 |    584 |    109 |   2870 |   4 | 1114.8 |
         Crypt |   3197 |   2980 |    217 |     26 |   2008 |   3 | 1065.7 |
        Depths |   4082 |   3631 |    451 |    204 |   2563 |   4 | 1020.5 |
         Sewer |    580 |    580 |      0 |      0 |    465 |   1 |  580.0 |
      Ice Cave |    443 |    443 |      0 |      0 |    196 |   1 |  443.0 |
        Wizlab |    611 |    611 |      0 |      0 |    429 |   1 |  611.0 |
               +--------+--------+--------+--------+--------+-----+--------+

Top non-repeatable levels by time:
  Lair:5: 2664 daAuts
  Lair:2: 2091 daAuts
     D:7: 1912 daAuts
  Lair:4: 1785 daAuts
     D:6: 1784 daAuts
    D:13: 1780 daAuts
     D:8: 1773 daAuts
    D:11: 1763 daAuts
Depths:2: 1578 daAuts
    D:10: 1520 daAuts
  Lair:1: 1485 daAuts
 Crypt:3: 1460 daAuts
 Snake:2: 1447 daAuts
Depths:3: 1430 daAuts
   Orc:2: 1391 daAuts
